 Dungeon Crawl Stone Soup version 0.29-a0-2-g12fcac58f8 (webtiles) character file.

Game seed: 1495950801666920490

13656 croobank the Arsonist (level 11, 0/66 HPs)
             Began as a Yellow Draconian Fire Elementalist on Jan 26, 2022.
             Was a Believer of Hepliaklqana.
             Succumbed to a killer bee's poison
             ... on level 1 of the Lair of Beasts.
             The game lasted 01:18:15 (16378 turns).

croobank the Arsonist (DrFE)                       Turns: 16378, Time: 01:18:16

Health: 0/66       AC:  8    Str: 12 (13) XL:     11   Next: 78%
Magic:  1/23       EV: 16    Int: 22 (25) God:    Hepliaklqana [**....]
Gold:   506        SH:  0    Dex: 16 (19) Spells: 12/26 levels left

rFire   . . .      SeeInvis .   a - +3 dagger (chaos)
rCold   . . .      Faith    .   (no shield)
rNeg    + . .      Spirit   +   (armour unavailable)
rPois   +          Reflect  .   (helmet restricted)
rElec   .          Harm     .   (no cloak)
rCorr   +          Rampage  .   (no gloves)
Will    .....                   c - +0 pair of boots of the Morning Star {rPois Will- Dex+7}
Stlth   ++++......              d - amulet of guardian spirit
HPRegen 0.21/turn               v - +6 ring of intelligence
MPRegen 0.18/turn               z - ring of Happiness {rN+ Will+ Str+2}

@: lethally poisoned (0 -> -3), short of breath
A: reduced essence, spit acid, AC +7, unfitting armour, cold-blooded, acid
resistance
a: Breathe Acid, Renounce Religion, Recall Ancestor, Ancestor Identity


You were on level 1 of the Lair of Beasts.
You worshipped Hepliaklqana.
Hepliaklqana was pleased with you.
You visited 2 branches of the dungeon, and saw 12 of its levels.

You collected 506 gold pieces.

Inventory:

Hand Weapons
 a - a +3 dagger of chaos (weapon)
 b - a +0 shortbow
 B - a +0 hunting sling
 D - a +2 dagger of venom
 H - a +0 falchion of holy wrath
 R - a +0 broad axe
Missiles
 e - 125 arrows
 i - 31 bolts
 j - 20 sling bullets
 p - 33 poisoned darts
 E - 398 stones
 J - 2 throwing nets
Armour
 c - the +0 pair of boots of the Morning Star (worn) {rPois Will- Dex+7}
   (You acquired it on level 11 of the Dungeon)

   Dex:       It affects your dexterity (+7).
   rPois:     It protects you from poison.
   Will:      It decreases your willpower.
 n - a +0 buckler
 T - a +0 kite shield
 W - a +0 pair of boots
Magical Staves
 s - a staff of poison
Jewellery
 d - an amulet of guardian spirit (around neck)
 h - a +4 ring of evasion
 v - a +6 ring of intelligence (left hand)
 x - a +4 ring of protection
 z - the ring of Happiness (right hand) {rN+ Will+ Str+2}
   (You found it on level 5 of the Dungeon)

   [ring of positive energy]

   Str:       It affects your strength (+2).
   rN:        It protects you from negative energy.
   Will:      It increases your willpower.
 M - a ring of wizardry
 N - a +4 ring of evasion
 Q - a ring of flight
 V - a ring of ice
Wands
 w - a wand of iceblast (15)
 A - a wand of polymorph (4)
 I - a wand of flame (58)
 K - a wand of mindburst (18)
Scrolls
 l - a scroll of teleportation
 r - a scroll of fog
 t - 4 scrolls of fear
 y - 2 scrolls of magic mapping
 G - a scroll of blinking
 L - 2 scrolls of immolation (quivered)
 U - a scroll of amnesia
Potions
 m - a potion of lignification
 o - 2 potions of attraction
 q - 2 potions of flight
Miscellaneous
 f - a phantom mirror


   Skills:
 + Level 8.2 Dodging
 + Level 8.9 Stealth
 + Level 8.1 Spellcasting
 + Level 8.7 Conjurations
 + Level 9.2 Fire Magic


You had 12 spell levels left.
You knew the following spells:

 Your Spells              Type           Power      Damage    Failure   Level
a - Foxfire               Conj/Fire      100%       2x1d9     1%          1
b - Scorch                Fire           98%        2d9       1%          2
c - Flame Wave            Conj/Fire      48%        2d10      1%          4
d - Ensorcelled Hibernat  Hex/Ice        16%        N/A       11%         2
e - Swiftness             Air            8%         N/A       22%         3
f - Poisonous Vapours     Pois/Air       16%        N/A       11%         2

Your spell library contained the following spells:

 Spells                   Type           Power      Damage    Failure   Level
 Static Discharge         Conj/Air       28%        N/A       1%          2
 Conjure Flame            Conj/Fire      48%        6-21      1%          3
 Inner Flame              Hex/Fire       29%        N/A       3%          3
 Sting                    Tmut/Pois      32%        1d4       8%          1
 Passwall                 Tmut/Erth      6%         N/A       11%         2
 Vampiric Draining        Necr           8%         2d6       22%         3
 Lightning Bolt           Conj/Air       14%        1d27      34%         5
 Olgreb's Toxic Radiance  Pois           8%         N/A       58%         4
 Agony                    Necr           8%         N/A       90%         5
 Maxwell's Capacitive Co  Air            4%         ∞         100%        8
 Necromutation            Tmut/Necr      4%         N/A       100%        8


Dungeon Overview and Level Annotations

Branches:
Dungeon (11/15)            Temple (0/1) D:5            Lair (1/6) D:11
    Orc: D:9-12

Altars:
Hepliaklqana
Ru
Xom
Zin

Shops:
D:2 =

Annotations:
D:7 3 runed translucent doors, Grognak's ghost, novice MiFi
D:8 2 transporters, RBrandon's ghost, novice DgNe


Innate Abilities, Weirdness & Mutations

Your life essence is reduced to manifest your ancestor. (-10% HP)
You can spit globs of acid.
Your golden yellow scales are hard. (AC +7)
You cannot fit into any form of body armour.
You are cold-blooded and may be slowed by cold attacks.
You are resistant to acid. (rCorr)


Message History

That beam is likely to hit you.
Continue anyway?
Nothing appears to happen.
* * * LOW HITPOINT WARNING * * *
You feel sick.
Really quaff the potion of lignification?
You are stuck in your current form!
Okay, then.
Okay, then.
Okay, then.
It was a potion of degeneration.
There was something very wrong with that liquid.
You feel weakened.
You feel dopey.
You feel clumsy.
* * * LOW HITPOINT WARNING * * *
You feel very sick.
It was a potion of resistance.
You feel protected.
* * * LOW HITPOINT WARNING * * *
You feel sick.
It was a potion of cancellation.
Your magical effects are unravelling.
You feel magically purged.
You feel less wooden.
The +0 pair of boots of the Morning Star {rPois Will- Dex+7} unmelds from your body.
Your resistance to elements expires.
* * * LOW HITPOINT WARNING * * *
You feel sick.
Okay, then.
As you read the scroll labelled ZADAUPR UTZE, it crumbles to dust.
The creatures around you are filled with an inner flame!
It was a scroll of immolation.
* * * LOW HITPOINT WARNING * * *
You feel sick.
Okay, then.
As you read the scroll labelled ZERHOF JOQEMU, it crumbles to dust.
It is a scroll of amnesia.
Really abort (and waste the scroll)?
Uppercase [Y]es or [N]o only, please.
Really abort (and waste the scroll)?
Okay, then.
You die...

...#..##[.##.....### .÷..#
+.#..... ...# ...##
#.#..#####..# ....#
##...#....#.## ...###
##.........!.##
..#..###.............#
###.⌠.##..##.⌠.⌠.....#
#.........#.....R†#.^###
..⌠.⌠..+..#..÷>.@.#....#
.#.....#..#........†...#
.#..⌠..#...#.⌠.†.##††#......†.
....#####..#........##+.†y!.!.
..... #...........# .y..†..
.... .......#..## y†..... ....
.#..#..#...# .......
#.........# .†..... . ...##
y.....y


You could see the friendly Andrew Joseph the battlemage (inner flame).

Vanquished Creatures
  Gastronok (D:8)
  Fannar (D:10)
  A boulder beetle (D:11)
  A two-headed ogre (D:11)
  2 komodo dragons (Lair:1)
  A troll (D:10)
  A hornet (D:10)
  A queen bee (Lair:1)
  A shadow (D:10)
  A wyvern (D:9)
  Eustachio (D:4)
  2 wraiths
  6 yaks
  A vampire mosquito (D:10)
  A steam dragon (D:10)
  3 water moccasins (Lair:1)
  Duvessa (D:7)
  An ice beast (D:6)
  5 orc warriors
  2 sky beasts
  2 ogres
  2 black bears
  A necrophage (D:8)
  A centaur (D:9)
  2 kobold brigands
  3 bullfrogs
  A gnoll sergeant (D:7)
  4 scorpions
  A wyvern skeleton (D:5)
  Dowan (D:7)
  A water moccasin skeleton (D:5)
  29 killer bees
  An electric eel (Lair:1)
  2 howler monkeys (D:7)
  3 crimson imps (D:4)
  5 centaur zombies
  2 hounds (D:6)
  3 jellies
  A gnoll shaman (D:8)
  7 orc priests
  Jessica (D:2)
  An iguana (D:6)
  6 orc wizards
  A howler monkey zombie (D:8)
  Robin (D:2)
  22 gnolls
  6 adders
  A white imp (D:7)
  An ufetubus (D:7)
  An adder skeleton (D:4)
  A worm (D:4)
  A dart slug (D:5)
  32 orcs
  8 endoplasms
  6 giant cockroaches
  15 goblins
  10 hobgoblins
  4 jackals
  2 quokkas
  11 ball pythons
  7 bats
  2 frilled lizards (D:1)
  16 kobolds
  9 rats
271 creatures vanquished.

Vanquished Creatures (collateral kills)
  2 cane toads (Lair:1)
  A komodo dragon (D:11)
  A troll (D:10)
  A yak (D:10)
  A water moccasin (Lair:1)
  A sky beast (D:7)
  A kobold brigand (D:8)
  2 bullfrogs
  8 killer bees (Lair:1)
  2 centaur zombies
  2 orc priests
  A gnoll shaman (D:6)
  An orc wizard (D:8)
  4 gnolls
  A white imp (D:6)
  5 orcs
  A kobold (D:8)
35 creatures vanquished.

Vanquished Creatures (others)
  3 battlemagi (Lair:1)
  14 ancestors
  448 foxfires
  2 fungi (Lair:1)
  8 plants (Lair:1)
475 creatures vanquished.

Grand Total: 781 creatures vanquished

Notes
Turn   | Place    | Note
-------+----------+-------------------------------------------
     0 | D:1      | croobank the Draconian Fire Elementalist began the quest
                  | for the Orb.
     0 | D:1      | Reached XP level 1. HP: 14/14 MP: 3/3
   392 | D:1      | Reached XP level 2. HP: 16/20 MP: 3/5
   395 | D:1      | Learned a level 2 spell: Scorch
  1131 | D:1      | Reached XP level 3. HP: 26/26 MP: 2/6
  1581 | D:2      | You fall into a shaft and drop 2 floors!
  1589 | D:4      | Noticed an ogre
  1915 | D:2      | Found Zokuqig's Jewellery Boutique.
  2056 | D:2      | Noticed Robin
  2063 | D:2      | Reached XP level 4. HP: 33/33 MP: 2/7
  2084 | D:2      | Killed Robin
  2594 | D:2      | Noticed Jessica
  2597 | D:2      | Killed Jessica
  2971 | D:3      | Reached XP level 5. HP: 22/38 MP: 3/9
  3553 | D:5      | Entered Level 5 of the Dungeon
  3648 | D:4      | Killed an ogre
  3649 | D:4      | Reached skill level 4 in Fire Magic
  3649 | D:4      | Reached XP level 6. HP: 45/45 MP: 3/10
  3802 | D:4      | Got Ereshkigal's Grimoire of Stolen Souls
  3808 | D:4      | Learned a level 4 spell: Flame Wave
  4049 | D:4      | Found a shimmering altar of Xom.
  4113 | D:4      | Noticed an orc warrior
  4437 | D:5      | Found a hazy altar of Hepliaklqana.
  4441 | D:5      | Became a worshipper of Hepliaklqana the Forgotten
  4742 | D:5      | Your scales start taking on a golden yellow colour.
  4742 | D:5      | Reached XP level 7. HP: 45/50 MP: 2/12
  4742 | D:5      | Gained mutation: You are resistant to acid. (rCorr) [Yellow
                  | Draconian growth]
  5493 | D:5      | Identified the ring of Happiness {rN+ Will+ Str+2}
  5980 | D:4      | Reached skill level 5 in Fire Magic
  6005 | D:4      | Noticed Eustachio
  6094 | D:4      | Killed Eustachio
  6095 | D:4      | Reached XP level 8. HP: 32/57 MP: 4/14
  6854 | D:5      | Identified the +2 robe "Sisuyd Koant" {rN+ Str+3 Dex+3
                  | Stlth+}
  6971 | D:5      | Found a staircase to the Ecumenical Temple.
  6994 | D:5      | Reached skill level 5 in Stealth
  7568 | D:6      | Reached * piety under Hepliaklqana
  7597 | D:6      | Reached skill level 5 in Conjurations
  7756 | D:6      | Learned a level 2 spell: Ensorcelled Hibernation
  7760 | D:6      | Learned a level 3 spell: Swiftness
  7765 | D:6      | Found a glowing silver altar of Zin.
  7805 | D:6      | Reached skill level 5 in Dodging
  7808 | D:6      | Reached skill level 5 in Spellcasting
  7928 | D:6      | Reached skill level 6 in Fire Magic
  8049 | D:6      | Reached XP level 9. HP: 55/55 MP: 11/16
  8546 | D:7      | Noticed Duvessa
  8546 | D:7      | Noticed Dowan
  8555 | D:7      | Killed Dowan
  8574 | D:7      | Killed Duvessa
  9185 | D:7      | Found a runed translucent gate.
  9185 | D:7      | Found a runed translucent gate.
  9185 | D:7      | Found a runed translucent gate.
  9221 | D:7      | Noticed Grognak's ghost (novice MiFi)
  9860 | D:8      | Noticed RBrandon's ghost (novice DgNe)
 10014 | D:8      | Found a transporter.
 10014 | D:8      | Found a transporter.
 10133 | D:8      | Found a sacrificial altar of Ru.
 10286 | D:8      | Reached ** piety under Hepliaklqana
 10423 | D:8      | Reached skill level 7 in Fire Magic
 10661 | D:8      | Noticed Gastronok
 10682 | D:8      | Killed Gastronok
 10683 | D:8      | Reached XP level 10. HP: 8/62 MP: 0/19
 11855 | D:9      | Learned a level 2 spell: Poisonous Vapours
 12420 | D:10     | Entered Level 10 of the Dungeon
 12881 | D:10     | Reached skill level 8 in Fire Magic
 13659 | D:10     | Reached XP level 11. HP: 66/66 MP: 15/21
 14041 | D:10     | Noticed Fannar
 14413 | D:10     | Killed Fannar
 14941 | D:11     | Noticed a two-headed ogre
 14950 | D:11     | Killed a two-headed ogre
 15000 | D:11     | Noticed a boulder beetle
 15014 | D:11     | Killed a boulder beetle
 15227 | D:11     | Remembered your ancestor Andrew Joseph as a battlemage
 15261 | D:11     | Found a staircase to the Lair.
 15272 | D:11     | Identified a scroll of acquirement
 15272 | D:11     | Acquired the +0 pair of boots of the Morning Star {rPois
                  | Will- Dex+7}
 15309 | Lair:1   | Entered Level 1 of the Lair of Beasts
 15830 | Lair:1   | HP: 3/66 [komodo dragon (26)]
 15839 | Lair:1   | Reached skill level 9 in Fire Magic
 16007 | Lair:1   | HP: 4/99 [poisoned by a cane toad]
 16376 | Lair:1   | HP: 1/66 [poisoned by a killer bee]
 16378 | Lair:1   | Succumbed to a killer bee's poison

Illustrated notes

Levels and vault maps discovered:
D:1:      matt_arrival_grand_opening, layout_basic,
          minmay_misc_feat_more_columns, st_stairs_9, minmay_pentomino_w4
D:2:      layout_loops_cross, serial_shops, shop, uniq_robin, uniq_jessica
D:3:      layout_basic
D:4:      layout_basic, led_xom_imps, uniq_eustachio
D:5:      layout_basic, nzn_hepliaklqana_mist_gate,
          minmay_temple_entry_stoned_glass, amcnicky_mini_corridor_feature,
          minmay_misc_feat_doors
D:6:      layout_basic, mainiacjoe_overflow_tiny_flanked
D:7:      layout_loops_ring, gammafunk_ghost_icy, enter_bailey_2, uniq_duvessa
D:8:      layout_gridville, nicolae_ru_the_path_less_chosen,
          gammafunk_ghost_hive, uniq_gastronok
D:9:      layout_loops_ring
D:10:     layout_loops_ring, nicolae_two_hexagons,
          minmay_fractal_squares_diagonal_5, uniq_fannar
D:11:     layout_basic, lair_entry_dummy, serial_shops, shop
Lair:1:   layout_roguey [special_room_bee], grunt_megastairs_2,
          infiniplex_staircase_pool_2, serial_bayou_shore_b,
          serial_bayou_shore_a

Skill      XL: |  1  2  3  4  5  6  7  8  9 10 11 |
---------------+----------------------------------+-----
Stealth        | 2 3 4 5 6 7 8 |  8.9
Dodging        | 2 3 4 5 6 7 8 |  8.2
Conjurations   | 2 3 4 5 6 7 8 |  8.7
Spellcasting   | 3 4 5 6 7 8 |  8.1
Fire Magic     | 4 5 6 7 8 9 |  9.2

Action                   |  1- 3 |  4- 6 |  7- 9 | 10-12 || total
-------------------------+-------+-------+-------+-------++-------
Melee: Unarmed           |    33 |       |       |       ||    33
       Punch             |     1 |       |       |       ||     1
       Tailslap          |     9 |     2 |    16 |     5 ||    32
       Dagger            |    29 |    23 |    43 |    74 ||   169
       Mace              |       |       |    36 |       ||    36
       Flail             |       |       |     8 |       ||     8
 Cast: Foxfire           |    56 |    45 |   108 |    74 ||   283
       Scorch            |     8 |    25 |   143 |   110 ||   286
       Flame Wave        |       |       |     2 |     7 ||     9
       Swiftness         |       |       |     1 |     4 ||     5
       Ensorcelled Hiber |       |       |       |     3 ||     3
       Poisonous Vapours |       |       |       |     1 ||     1
Invok: Ancestor Identity |       |       |     1 |     1 ||     2
       Recall Ancestor   |       |       |       |     1 ||     1
       Ancestor Life: Ba |       |       |       |     1 ||     1
 Abil: Breathe Acid      |       |       |    13 |    15 ||    28
Evoke: Wand              |       |       |       |     1 ||     1
  Use: Scroll            |       |       |     5 |    15 ||    20
       Potion            |       |       |     3 |    12 ||    15
 Stab: Sleeping          |     1 |       |       |       ||     1
Armor: Skin              |    30 |     6 |    79 |    35 ||   150
Dodge: Dodged            |    63 |    22 |   119 |   146 ||   350

Table legend: (Time is in decaauts)
 A = Elapsed time spent in this place.
 B = Non-inter-level travel time spent in this place.
 C = Inter-level travel time spent in this place.
 D = Time resting spent in this place.
 E = Time spent auto-exploring this place.
 F = Levels seen in this place.
 G = Mean time per level.
                   A        B        C        D        E       F      G
               +--------+--------+--------+--------+--------+-----+--------+
         Total |  16459 |  16156 |    303 |   3650 |   9527 |  12 | 1371.6 |
       Dungeon |  15768 |  15465 |    303 |   3210 |   9487 |  11 | 1433.5 |
          Lair |    690 |    690 |      0 |    440 |     40 |   1 |  690.0 |
               +--------+--------+--------+--------+--------+-----+--------+

Top non-repeatable levels by time:
     D:5: 2095 daAuts
    D:10: 1915 daAuts
     D:9: 1812 daAuts
     D:4: 1674 daAuts
     D:1: 1580 daAuts
     D:8: 1401 daAuts
     D:7: 1303 daAuts
     D:6: 1275 daAuts
     D:2: 1093 daAuts
     D:3: 844 daAuts
    D:11: 771 daAuts
  Lair:1: 690 daAuts
